 Dungeon Crawl Stone Soup version 0.26-a0-393-g67388ea477 (webtiles) character file.

Game seed: 18213721234792501220

434 KristoblXynda the Slasher (level 6, 0/75 HPs)
             Began as a Draconian Gladiator on July 22, 2020.
             Succumbed to a scorpion's poison
             ... on level 4 of the Dungeon.
             The game lasted 00:04:23 (4214 turns).

KristoblXynda the Slasher (Draconian Gladiator)     Turns: 4214, Time: 00:04:23

Health: 0/75       AC: 23    Str: 16    XL:     6   Next: 68%
Magic:  6/6        EV:  2    Int: 10    God:
Gold:   178        SH:  0    Dex: 13    Spells: 5/5 levels left

rFire    . . .     SeeInvis .   a - +1 long sword
rCold    . . .     Faith    .   (no shield)
rNeg     + + +     Spirit   .   (armour unavailable)
rPois    +         Reflect  .   (helmet currently unavailable)
rElec    .         Harm     .   (cloak currently unavailable)
rCorr    .         NoTele   +   (gloves currently unavailable)
MR       .....                  (boots currently unavailable)
Stlth    +.........             (no amulet)
HPRegen  0.22/turn              (no ring)
MPRegen  0.10/turn              (no ring)

@: mighty, lethally poisoned (0 -> -8), tree-form, invisible
A: unfitting armour, AC +6
a: no special abilities


You were on level 4 of the Dungeon.
You were a tree.
You visited 1 branch of the dungeon, and saw 4 of its levels.

You collected 178 gold pieces.

Inventory:

Hand Weapons
 a - a +1 long sword (weapon)
Missiles
 c - 3 throwing nets (quivered)
Armour
 b - a +0 hat (melded)
Scrolls
 e - 2 scrolls of enchant weapon
 f - 4 scrolls of remove curse
 i - 2 scrolls of teleportation
 j - a scroll of amnesia {unknown}
 l - a scroll of blinking {unknown}
 m - a scroll of fear {unknown}
 n - a scroll of fog {unknown}
Potions
 g - a potion of haste


   Skills:
 + Level 2.7 Fighting
 * Level 5.1 Long Blades
 + Level 3.7 Throwing
 + Level 4.4 Dodging


You had 5 spell levels left.
You didn't know any spells.
Your spell library was empty.

Dungeon Overview and Level Annotations

Branches:
Dungeon (4/15)
 Temple: D:4-7

Altars:


Innate Abilities, Weirdness & Mutations

((Your plain brown scales are hard. (AC +6)))
You cannot fit into any form of body armour.
((You are cold-blooded and may be slowed by cold attacks.))


Message History

* * * LOW HITPOINT WARNING * * *
You feel sick. The scorpion closely misses you.
You riposte.
You hit the scorpion.
The scorpion is severely wounded.
* * * LOW HITPOINT WARNING * * *
You feel sick.
It was a potion of lignification.
You turn into a tree.
Your +0 hat melds into your body.
Your roots penetrate the ground.
* * * LOW HITPOINT WARNING * * *
You feel sick.
The scorpion stings you but does no damage.
It was a potion of might.
You feel very mighty all of a sudden.
* * * LOW HITPOINT WARNING * * *
You feel sick. The scorpion stings you.
* * * LOW HITPOINT WARNING * * *
Unknown command.
It was a potion of invisibility.
You fade into invisibility!
You die...

#########
........#################
#######.#................
.........................
####..#.#.###..........#
...#..#.#.# #).........##
......#.#.# #...♣........
.#....#.#.###...s........
.#....#.#.##.............
<#..).#.#................
.#....#.#####............
.#......>................
.#....#.######...#####...
.#(...#.# #...# ..#
.#....# + ..... ..#


You could see a scorpion.

Vanquished Creatures
  Sigmund (D:2)
  2 orc wizards (D:3)
  2 hounds
  An iguana (D:4)
  6 adders
  A gnoll (D:3)
  An ooze (D:3)
  2 worms (D:2)
  5 leopard geckos
  6 orcs (D:3)
  8 bats
  2 giant cockroaches
  2 goblins (D:2)
  7 hobgoblins
  5 jackals
  6 kobolds
  A quokka (D:2)
  A ball python (D:3)
  3 frilled lizards
  5 rats
67 creatures vanquished.

Notes
Turn   | Place    | Note
-------+----------+-------------------------------------------
     0 | D:1      | KristoblXynda the Draconian Gladiator began the quest for
                  | the Orb.
     0 | D:1      | Reached XP level 1. HP: 17/17 MP: 1/1
   705 | D:1      | Reached XP level 2. HP: 21/24 MP: 2/2
  1063 | D:2      | Reached XP level 3. HP: 6/29 MP: 3/3
  1554 | D:2      | Noticed Sigmund
  2447 | D:2      | Killed Sigmund
  2447 | D:2      | Reached skill level 4 in Long Blades
  2447 | D:2      | Reached XP level 4. HP: 27/36 MP: 4/4
  2447 | D:2      | Reached XP level 5. HP: 31/41 MP: 5/5
  3208 | D:3      | Reached XP level 6. HP: 48/48 MP: 6/6
  3890 | D:3      | Reached skill level 5 in Long Blades
  4213 | D:4      | HP: 1/75 [scorpion (4)]
  4214 | D:4      | Succumbed to a scorpion's poison

Illustrated notes

Levels and vault maps discovered:
D:1:      shiori_arrival_oz, layout_rooms
D:2:      layout_basic, uniq_sigmund
D:3:      layout_loops_ring, minmay_misc_feat_doors, st_stairs_5,
          serial_bayou_pond_b, uniq_terence
D:4:      layout_basic, chequers_serial_rivers_small_a,
          corexii_item_surrounded_by_moat

Skill      XL: |  1  2  3  4  5  6 |
---------------+-------------------+-----
Throwing       | 2 3 |  3.7
Dodging        | 3 4 |  4.4
Long Blades    | 4 5 |  5.1
Fighting       | |  2.7

Action                   |  1- 3 |  4- 6 || total
-------------------------+-------+-------++-------
Melee: Long sword        |    86 |   118 ||   204
       Tailslap          |    12 |    15 ||    27
Evoke: Wand              |       |    12 ||    12
  Use: Scroll            |     5 |       ||     5
       Potion            |     1 |     5 ||     6
 Stab: Sleeping          |       |     1 ||     1
Armor: Skin              |    25 |    37 ||    62
Dodge: Dodged            |    66 |    90 ||   156
       Rpst.: Long sword |    29 |    33 ||    62

Table legend: (Time is in decaauts)
 A = Elapsed time spent in this place.
 B = Non-inter-level travel time spent in this place.
 C = Inter-level travel time spent in this place.
 D = Time resting spent in this place.
 E = Time spent auto-exploring this place.
 F = Levels seen in this place.
 G = Mean time per level.
                   A        B        C        D        E       F      G
               +--------+--------+--------+--------+--------+-----+--------+
         Total |   4258 |   4184 |     74 |   1767 |   1793 |   4 | 1064.5 |
       Dungeon |   4258 |   4184 |     74 |   1767 |   1793 |   4 | 1064.5 |
               +--------+--------+--------+--------+--------+-----+--------+

Top non-repeatable levels by time:
     D:2: 1899 daAuts
     D:3: 1384 daAuts
     D:1: 794 daAuts
     D:4: 179 daAuts
